 Dungeon Crawl Stone Soup version 0.22.1-1-ga44c0e5 (webtiles) character file.

4798 greentea the Cleaver (level 10, 0/136 HPs)
             Began as a Minotaur Berserker on Oct 1, 2018.
             Was an Elder of Trog.
             Succumbed to a green draconian's poison
             ... on level 1 of the Abyss.
             The game lasted 00:31:08 (8366 turns).

greentea the Cleaver (Minotaur Berserker)           Turns: 8366, Time: 00:31:08

Health: 0/136      AC: 15    Str: 29    XL:     10   Next: 24%
Magic:  9/9        EV: 11    Int:  4    God:    Trog [****..]
Gold:   284        SH:  0    Dex: 11    Spells: 9/9 levels left

rFire    . . .     SeeInvis .   E - +3 battleaxe (freeze) (curse)
rCold    + . .     Gourm    .   (shield currently unavailable)
rNeg     . . .     Faith    +   C - +0 plate armour
rPois    .         Spirit   .   (helmet restricted)
rElec    .         Reflect  .   z - +0 cloak {+Inv}
rCorr    .         Harm     .   (no gloves)
MR       ++...                  (no boots)
Stlth    ..........             m - amulet of faith
HPRegen  1.32/turn              o - ring of protection from cold
MPRegen  0.11/turn              (no ring)

@: berserking (expiring), lethally poisoned (0 -> -11), regenerating, very quick
A: retaliatory headbutt, horns 2
a: Berserk, Trog's Hand, Brothers in Arms, Renounce Religion, Evoke Invisibility


You were on level 1 of the Abyss.
You worshipped Trog.
Trog was greatly pleased with you.
You were very hungry.

You visited 1 branch of the dungeon, and saw 8 of its levels.
You visited the Abyss 1 time.

You collected 284 gold pieces.

Inventory:

Hand Weapons
 q - a +2 hand axe of chopping
 u - a +0 war axe
 E - a cursed +3 battleaxe of freezing (weapon)
 F - a +3 hand axe
Missiles
 l - 230 stones (quivered)
Armour
 r - a +0 chain mail
 z - a +0 cloak of invisibility (worn)
 C - a +0 plate armour (worn)
Jewellery
 a - an uncursed ring of ice
 m - an amulet of faith (around neck)
 o - a ring of protection from cold (left hand)
 t - a +4 ring of dexterity {unknown}
 x - a +4 ring of protection {unknown}
 y - a +1 ring of protection {unknown}
Wands
 s - a wand of iceblast (8)
 H - a wand of digging (10)
 J - a wand of flame (35)
Scrolls
 d - 6 scrolls of teleportation
 e - 2 scrolls of fog
 f - 3 scrolls of immolation {unknown}
 k - a scroll of enchant armour {unknown}
 n - a scroll of amnesia {unknown}
 p - 3 scrolls of fear
 I - a scroll of remove curse
Potions
 b - a potion of degeneration {unknown}
 g - a potion of invisibility {unknown}
 h - 2 potions of curing {unknown}
 i - 4 potions of heal wounds
 j - a potion of resistance {unknown}
 v - 2 potions of lignification {unknown}
 w - 2 potions of mutation {unknown}
 A - a potion of berserk rage {unknown}
 B - a potion of brilliance {unknown}
 G - a potion of agility {unknown}
Comestibles
 c - 12 rations
 K - 5 chunks of flesh


   Skills:
 + Level 9.3 Fighting
 * Level 11.8 Axes
 + Level 8.2 Armour
 + Level 7.4 Dodging


You had 9 spell levels left.
You didn't know any spells.
Your spell library was empty.

Dungeon Overview and Level Annotations

Branches:
Dungeon (8/15)             Temple (0/1) D:5
   Lair: D:8-11

Altars:
Cheibriados
Fedhas
Hepliaklqana
Qazlal
Ru
Trog
Xom
Yredelemnul

Annotations:
D:8 Grum


Innate Abilities, Weirdness & Mutations

You reflexively headbutt those who attack you in melee.
You have a pair of horns on your head.


Message History

* * * LOW HITPOINT WARNING * * *
You feel very sick.
You closely miss the green draconian. You headbutt the green draconian.
The green draconian is almost dead.
* * * LOW HITPOINT WARNING * * *
You feel sick.
The green draconian hits you with a war axe.
* * * LOW HITPOINT WARNING * * *
The green draconian tail-slaps you but does no damage.
You closely miss the green draconian.
The green draconian is almost dead.
* * * LOW HITPOINT WARNING * * *
You feel sick.
You slash the green draconian! You freeze the green draconian.
You kill the green draconian!
Trog accepts your kill.
Your Armour skill increases to level 8!
You have reached level 10!
The substance of the Abyss twists violently, and a gateway leading out appears!
You die...

#..#.# . #.... ..
....%.# .. #.....#
#.## #... ... ..#
# #.#.##.##.## .#
[.........§#..#...
.._.......@§......
# #.#...#......#..
# #.......#.#...
#.......#.# ..
..........!.
....#......##
.#.............
.....#.#.####..
..## .# .# ..


There were no monsters in sight!

Vanquished Creatures
  A green draconian (Abyss:1)
  A hippogriff (D:7)
  2 orc warriors (D:6)
  A black bear (D:7)
  An ice beast (D:6)
  A phantom (D:7)
  5 necrophages (D:6)
  4 ogres
  A centaur (D:5)
  2 wolves (D:8)
  8 bullfrogs
  A scorpion (D:4)
  3 killer bees (D:7)
  8 wights
  2 crimson imps
  2 howler monkeys
  A centaur zombie (D:5)
  A quasit (D:6)
  Crazy Yiuf (D:4)
  A jelly (D:7)
  A hound (D:7)
  A bullfrog skeleton (D:6)
  A centaur skeleton (D:4)
  4 orc priests
  6 orc wizards
  3 iguanas
  4 worker ants
  Robin (D:3)
  A worker ant zombie (D:6)
  10 adders
  4 gnolls (D:7)
  A shadow imp (D:8)
  An ufetubus (Abyss:1)
  2 oozes (D:3)
  An adder zombie (D:6)
  4 worms
  2 dart slugs (D:1)
  5 leopard geckos
  28 orcs
  9 bats
  4 giant cockroaches
  13 hobgoblins
  11 jackals
  5 quokkas
  7 frilled lizards
  10 goblins
  A jackal skeleton (D:5)
  10 kobolds
  2 leopard gecko zombies (D:6)
  A quokka skeleton (D:7)
  A quokka zombie (D:5)
  8 rats
  2 bushes (D:6)
  A fungus (D:4)
  3 plants (D:6)
215 creatures vanquished.

Vanquished Creatures (others)
  2 plants (D:6)
2 creatures vanquished.

Grand Total: 217 creatures vanquished

Notes
Turn   | Place    | Note
-------+----------+-------------------------------------------
     0 | D:1      | greentea the Minotaur Berserker began the quest for the
                  | Orb.
     0 | D:1      | Reached XP level 1. HP: 19/19 MP: 0/0
   163 | D:1      | Reached skill level 4 in Axes
   324 | D:1      | Reached XP level 2. HP: 26/27 MP: 1/1
  1101 | D:2      | Reached XP level 3. HP: 19/34 MP: 2/2
  1105 | D:2      | Reached ** piety under Trog
  1750 | D:2      | Reached skill level 5 in Fighting
  1750 | D:2      | Reached skill level 5 in Axes
  1750 | D:2      | Reached XP level 4. HP: 36/42 MP: 3/3
  2532 | D:3      | Reached XP level 5. HP: 35/48 MP: 4/4
  2556 | D:3      | Found a sacrificial altar of Ru.
  2807 | D:3      | Noticed Robin
  2822 | D:3      | Killed Robin
  2822 | D:3      | Reached *** piety under Trog
  2904 | D:3      | Reached skill level 6 in Axes
  3300 | D:4      | Reached XP level 6. HP: 48/56 MP: 5/5
  3480 | D:4      | Found a basalt altar of Yredelemnul.
  3482 | D:4      | Found a snail-covered altar of Cheibriados.
  3658 | D:4      | Reached XP level 7. HP: 49/63 MP: 6/6
  3753 | D:4      | Reached skill level 7 in Axes
  4176 | D:4      | Found a runed door.
  4180 | D:4      | Noticed Crazy Yiuf
  4185 | D:4      | Killed Crazy Yiuf
  4227 | D:5      | Entered Level 5 of the Dungeon
  4795 | D:5      | Reached skill level 8 in Axes
  4795 | D:5      | Reached skill level 5 in Armour
  4795 | D:5      | Reached XP level 8. HP: 71/71 MP: 7/7
  4812 | D:5      | Reached **** piety under Trog
  4985 | D:5      | Found a staircase to the Ecumenical Temple.
  5679 | D:6      | Reached skill level 5 in Dodging
  5694 | D:6      | Found a blossoming altar of Fedhas.
  5740 | D:6      | Reached skill level 9 in Axes
  5936 | D:6      | Found a bloodstained altar of Trog.
  6034 | D:6      | Found a sacrificial altar of Ru.
  6086 | D:6      | Found a shimmering altar of Xom.
  6087 | D:6      | Found a hazy altar of Hepliaklqana.
  6088 | D:6      | Noticed a spectral ugly thing
  6133 | D:6      | Reached XP level 9. HP: 55/79 MP: 8/8
  6618 | D:6      | Reached skill level 10 in Axes
  7277 | D:7      | Found a stormy altar of Qazlal.
  7860 | D:7      | Reached skill level 11 in Axes
  8325 | D:8      | Noticed Grum
  8346 | D:8      | Cast into level 1 of the Abyss (Grum)
  8346 | Abyss:1  | Found a corrupted altar of Lugonu.
  8352 | Abyss:1  | Noticed a green draconian
  8362 | Abyss:1  | HP: 6/124 [poisoned by a green draconian]
  8364 | Abyss:1  | HP: 2/124 [green draconian/war axe (1)]
  8366 | Abyss:1  | Killed a green draconian
  8366 | Abyss:1  | Reached XP level 10. HP: 2/91 MP: 9/9
  8366 | Abyss:1  | Succumbed to a green draconian's poison

Skill      XL: |  1  2  3  4  5  6  7  8  9 |
---------------+----------------------------+-----
Fighting       | 4 5 6 7 9 |  9.3
Axes           | 4 5 6 8 9 11 | 11.8
Armour         | 3 4 5 6 8 |  8.2
Dodging        | 3 4 5 7 |  7.4

Action                   |  1- 3 |  4- 6 |  7- 9 | 10-12 || total
-------------------------+-------+-------+-------+-------++-------
Melee: Hand axe          |    43 |       |       |       ||    43
       Headbutt          |     8 |    24 |    74 |       ||   106
       War axe           |    31 |   126 |   250 |       ||   407
       Battleaxe         |       |       |   101 |       ||   101
Throw: Stone             |       |       |     3 |       ||     3
Invok: Trog's Hand       |       |     2 |     5 |       ||     7
       Berserk           |       |       |     1 |       ||     1
  Use: Scroll            |       |     9 |     2 |       ||    11
       Potion            |       |       |     2 |       ||     2
  Eat: Chunk             |     3 |     6 |    10 |       ||    19
       Ration            |       |       |     2 |       ||     2
Armor: Animal skin       |     6 |       |       |       ||     6
       Ring mail         |    17 |    37 |    40 |       ||    94
       Scale mail        |       |       |    23 |       ||    23
       Chain mail        |       |       |    14 |       ||    14
       Plate armour      |       |       |    90 |       ||    90
Dodge: Dodged            |    74 |    88 |   172 |       ||   334
